 Dungeon Crawl Stone Soup version 0.29-a0-1027-gcd8c55af63 (webtiles) character file.

Game seed: 4640113728087130098

7231 wilfster70 the Protected (level 11, -1/83 HPs)
             Began as a Gnoll Wanderer on Aug 12, 2022.
             Was a Believer of Uskayaw.
             Slain by a cane toad (10 damage)
             ... on level 1 of the Lair of Beasts.
             The game lasted 00:20:17 (10123 turns).

wilfster70 the Protected (Gnoll Wanderer)          Turns: 10123, Time: 00:20:17

Health: -1/83      AC: 16    Str: 13    XL:     11   Next: 12%
Magic:  20/20      EV: 14    Int: 14    God:    Uskayaw [**....]
Gold:   1077       SH:  6    Dex: 15    Spells: 19/22 levels left

rFire   . . .      SeeInvis .   a - +7 trident of Integrity {vorpal, Will+ Dex+3}
rCold   . . .      Faith    .   j - +0 buckler
rNeg    . . .      Spirit   .   B - +0 troll leather armour
rPois   .          Reflect  .   h - +0 helmet
rElec   .          Harm     .   i - +0 cloak
rCorr   .          Rampage  .   (no gloves)
Will    +....                   (no boots)
Stlth   +++.......              (no amulet)
HPRegen 1.03/turn               l - +4 ring of protection
MPRegen 0.17/turn               q - +4 ring of protection

@: frozen, studying Short Blades, very slow
A: fangs 1, strong nose, distributed training
a: Renounce Religion, Stomp, Line Pass


You were on level 1 of the Lair of Beasts.
You worshipped Uskayaw.
Uskayaw was noncommittal.
You visited 2 branches of the dungeon, and saw 11 of its levels.

You collected 1077 gold pieces.

Inventory:

Hand Weapons
 a - the +7 trident of Integrity (weapon) {vorpal, Will+ Dex+3}
   (You found it on level 2 of the Dungeon)

   It inflicts extra damage upon your enemies.
   Dex:       It affects your dexterity (+3).
   Will:      It increases your willpower.
 b - a +0 sling
Armour
 h - a +0 helmet (worn)
 i - a +0 cloak (worn)
 j - a +0 buckler (worn)
 B - a +0 troll leather armour (worn)
Jewellery
 l - a +4 ring of protection (left hand)
 q - a +4 ring of protection (right hand)
Wands
 t - a wand of roots (11)
 x - a wand of paralysis (12)
 y - a wand of digging (15)
 C - a wand of mindburst (6)
 F - a wand of quicksilver (6)
Scrolls
 c - 2 scrolls of fear
 d - 2 scrolls of blinking
 k - 2 scrolls of enchant weapon
 m - a scroll of amnesia
 o - 4 scrolls of teleportation
 r - 2 scrolls of identify
 u - 2 scrolls of enchant armour
 A - a scroll of magic mapping
 D - a scroll of silence {unknown}
Potions
 e - 2 potions of lignification
 f - 2 potions of heal wounds
 g - 3 potions of curing
 n - 2 potions of haste
 p - a potion of resistance
 s - 2 potions of might
 v - 3 potions of brilliance
 w - 4 potions of ambrosia
 z - a potion of berserk rage
Miscellaneous
 E - a box of beasts


   Skills:
 + Level 6.8 Fighting
 + Level 6.2 Short Blades
 + Level 6.2 Long Blades
 + Level 6.2 Axes
 + Level 6.2 Maces & Flails
 + Level 6.8 Polearms
 + Level 6.2 Staves
 + Level 6.2 Ranged Weapons
 + Level 6.2 Throwing
 + Level 10.6 Armour
 + Level 6.2 Dodging
 + Level 6.2 Stealth
 + Level 6.2 Shields
 + Level 9.1 Unarmed Combat
 + Level 6.2 Spellcasting
 + Level 5.1 Conjurations
 + Level 5.1 Hexes
 + Level 5.1 Summonings
 + Level 5.1 Necromancy
 + Level 5.1 Translocations
 + Level 5.1 Transmutations
 + Level 5.1 Fire Magic
 + Level 5.1 Ice Magic
 + Level 5.1 Air Magic
 + Level 5.1 Earth Magic
 + Level 5.1 Poison Magic
 + Level 6.8 Invocations
 + Level 6.8 Evocations


You had 19 spell levels left.
You knew the following spells:

 Your Spells              Type           Power      Damage    Failure   Level
a - Frozen Ramparts       Ice            36%        1d6       9%          3

Your spell library contained the following spells:

 Spells                   Type           Power      Damage    Failure   Level
 Freeze                   Ice            72%        1d9       2%          1
 Magic Dart               Conj           72%        1d6       2%          1
 Sting                    Tmut/Pois      72%        1d6       2%          1
 Ensorcelled Hibernation  Hex/Ice        36%        N/A       4%          2
 Poisonous Vapours        Pois/Air       36%        N/A       4%          2
 Searing Ray              Conj           36%        2d5       4%          2
 Spider Form              Tmut/Pois      18%        N/A       9%          3
 Anguish                  Hex/Necr       9%         N/A       28%         4
 Corpse Rot               Necr/Pois/Air  18%        N/A       28%         4
 Fulminant Prism          Conj/Hex       9%         3d7       28%         4
 Hailstorm                Conj/Ice       18%        3d6       28%         4
 Olgreb's Toxic Radiance  Pois           18%        N/A       28%         4
 Petrify                  Tmut/Erth      18%        N/A       28%         4
 Metabolic Englaciation   Hex/Ice        9%         N/A       61%         5
 Statue Form              Tmut/Erth      12%        N/A       99%         6


Dungeon Overview and Level Annotations

Branches:
Dungeon (10/15)            Temple (0/1) D:6            Lair (1/5) D:10
    Orc: D:9-12

Altars:
Ashenzari
Cheibriados
Elyvilon
Nemelex Xobeh
Okawaru
Uskayaw
Vehumet
Xom
Yredelemnul

Shops:
D:1 (


Innate Abilities, Weirdness & Mutations

You have very sharp teeth.
Your uncanny sense of smell can sniff out nearby items.
Your experience applies equally to all skills.


Message History

The wolf bites you but does no damage. The rime drake completely misses you.
You block the wolf's attack. The cane toad closely misses you.
The wolf attacks as you move away!
The wolf splashes around in the water.
The rime drake attacks as you move away!
The rime drake bites you but does no damage.
You feel sick.
The wolf closely misses you. x2; You block the wolf's attack. x2
The cane toad stings you!
You are more poisoned.
The cane toad poisons you!
You hit the cane toad.
The cane toad is moderately wounded.
You feel very sick. The wolf bites you.
The wolf splashes around in the water.
The cane toad completely misses you.
The wolf splashes around in the water.
The wolf bites you but does no damage.
You are too injured to fight recklessly!
You puncture the wolf! Your bite misses the wolf.
The wolf is severely wounded.
You feel very sick.
The wolf splashes around in the water.
The cane toad stings you!
You are more poisoned.
The cane toad poisons you! You block the wolf's attack.
The wolf barely misses you.
You can now pass through a line of other dancers.
You puncture the wolf!
You kill the wolf!
* * * LOW HITPOINT WARNING * * *
You feel extremely sick. The cane toad stings you.
* * * LOW HITPOINT WARNING * * *
You are more poisoned.
The cane toad poisons you!
The wolf splashes around in the water.
You feel better.
The wolf splashes around in the water.
The cane toad closely misses you. The rime drake breathes ice at you.
The flash freeze hits you!!
* * * LOW HITPOINT WARNING * * *
You are encased in ice.
You block the wolf's attack. The cane toad stings you!
You die...

.....# ..#.. .......
P...... .......
###..P.... .......
##....##..#
.......##.......#..
...≈.♣.≈..~......#
..≈~....#~F......#
..~~.~..~~k@.....###
.h≈~≈~.~♣.h.......P#
....~~#~~~.~.......#
P.≈~....≈.♣........##
#~~≈....~≈~.........##
.#..≈~♣.~~...........##
#.♣..#♣...~........#.#
.#~~.♣~..##........#.#
## #..###..........#


You could see a cane toad, a rime drake (catching breath) and a wolf.

Vanquished Creatures
  Lodul (D:9)
  Pikel (D:6)
  2 oklob plants (D:10)
  A manticore (D:9)
  A komodo dragon (Lair:1)
  2 trolls
  A shadow (D:10)
  A wyvern (D:9)
  A vampire (D:10)
  3 yaks (D:10)
  A steam dragon (D:8)
  An acid dragon (D:8)
  A water moccasin (D:6)
  3 orc warriors
  An ice beast (D:7)
  8 ogres
  2 sky beasts
  A wolf (Lair:1)
  3 centaurs
  A phantom (D:4)
  Blork the orc (D:6)
  3 kobold brigands
  4 bullfrogs
  A necrophage (D:8)
  A scorpion (D:6)
  3 howler monkeys
  An electric eel (D:8)
  4 orc priests
  A gnoll bouda (D:8)
  5 hounds
  2 jellies
  An iguana (D:7)
  6 orc wizards
  9 adders
  3 shadow imps
  A white imp (D:6)
  An ufetubus (D:7)
  A worm (D:2)
  3 dart slugs
  31 orcs
  6 ball pythons
  8 endoplasms
  4 giant cockroaches
  18 goblins
  9 hobgoblins
  4 jackals (D:2)
  3 quokkas
  3 bats
  A frilled lizard (D:1)
  12 kobolds
  4 rats
190 creatures vanquished.

Vanquished Creatures (others)
  13 plants (D:10)
13 creatures vanquished.

Grand Total: 203 creatures vanquished

Notes
Turn   | Place    | Note
-------+----------+-------------------------------------------
     0 | D:1      | wilfster70 the Gnoll Wanderer began the quest for the Orb.
     0 | D:1      | wilfster70 set off with the following items: a +0 spear, a
                  | scroll of blinking, a scroll of fear, a +0 scale mail, a
                  | potion of lignification.
     0 | D:1      | Reached XP level 1. HP: 17/17 MP: 1/1
    36 | D:1      | Found a faded altar of an unknown god.
    60 | D:1      | Reached XP level 2. HP: 18/23 MP: 2/2
    80 | D:1      | Prayed at the altar of an unknown god.
    80 | D:1      | Became a worshipper of Uskayaw the Reveller
    80 | D:1      | Reached * piety under Uskayaw
   154 | D:1      | Reached ** piety under Uskayaw
   160 | D:1      | Reached *** piety under Uskayaw
   527 | D:1      | Found Agham's Antique Weapon Boutique.
   888 | D:1      | Reached XP level 3. HP: 28/28 MP: 3/3
  1196 | D:2      | Reached skill level 1 in Invocations
  1470 | D:2      | Reached skill level 1 in Short Blades
  1470 | D:2      | Reached skill level 1 in Long Blades
  1470 | D:2      | Reached skill level 1 in Axes
  1470 | D:2      | Reached skill level 1 in Maces & Flails
  1470 | D:2      | Reached skill level 1 in Staves
  1470 | D:2      | Reached skill level 1 in Ranged Weapons
  1470 | D:2      | Reached skill level 1 in Throwing
  1470 | D:2      | Reached skill level 1 in Dodging
  1470 | D:2      | Reached skill level 1 in Stealth
  1470 | D:2      | Reached skill level 1 in Shields
  1470 | D:2      | Reached skill level 1 in Spellcasting
  1633 | D:2      | Found a basalt altar of Yredelemnul.
  1683 | D:2      | Identified the +7 trident of Integrity {vorpal, Will+
                  | Dex+3}
  1712 | D:2      | Reached XP level 4. HP: 34/34 MP: 5/5
  2147 | D:3      | Reached skill level 1 in Conjurations
  2147 | D:3      | Reached skill level 1 in Hexes
  2147 | D:3      | Reached skill level 1 in Summonings
  2147 | D:3      | Reached skill level 1 in Necromancy
  2147 | D:3      | Reached skill level 1 in Translocations
  2147 | D:3      | Reached skill level 1 in Transmutations
  2147 | D:3      | Reached skill level 1 in Fire Magic
  2147 | D:3      | Reached skill level 1 in Ice Magic
  2147 | D:3      | Reached skill level 1 in Air Magic
  2147 | D:3      | Reached skill level 1 in Earth Magic
  2147 | D:3      | Reached skill level 1 in Poison Magic
  2193 | D:3      | Reached XP level 5. HP: 40/40 MP: 5/7
  2265 | D:3      | Found a radiant altar of Vehumet.
  2265 | D:3      | Found an iron altar of Okawaru.
  2276 | D:3      | Found a shimmering altar of Xom.
  2282 | D:3      | Found a broken altar of Ashenzari.
  2284 | D:3      | Found a sparkling altar of Nemelex Xobeh.
  2535 | D:3      | Learned a level 3 spell: Frozen Ramparts
  3095 | D:4      | HP: 2/41 [orc priest/divine providence (11)]
  3098 | D:4      | Reached XP level 6. HP: 3/47 MP: 8/8
  4043 | D:5      | Entered Level 5 of the Dungeon
  4104 | D:5      | Reached XP level 7. HP: 52/52 MP: 10/10
  4108 | D:5      | Reached **** piety under Uskayaw
  4329 | D:5      | Found a snail-covered altar of Cheibriados.
  4604 | D:5      | Reached skill level 9 in Armour
  4873 | D:6      | Identified the +8 hand axe of Ishrough {holy, rPois}
  4991 | D:6      | Found a staircase to the Ecumenical Temple.
  5014 | D:6      | Reached XP level 8. HP: 55/60 MP: 8/12
  5017 | D:6      | Noticed Pikel
  5048 | D:6      | Killed Pikel
  5296 | D:6      | Noticed Blork the orc
  5305 | D:6      | Killed Blork the orc
  6092 | D:7      | Reached XP level 9. HP: 50/67 MP: 14/14
  6889 | D:8      | Reached skill level 5 in Fighting
  6889 | D:8      | Reached skill level 5 in Polearms
  6889 | D:8      | Reached skill level 5 in Evocations
  6930 | D:8      | Identified the +1 dagger of Hodupsits {freeze, +Blink
                  | rElec}
  7711 | D:8      | Reached skill level 5 in Invocations
  7817 | D:9      | Found a white marble altar of Elyvilon.
  7872 | D:9      | Noticed a troll
  7885 | D:9      | Killed a troll
  8136 | D:9      | Noticed a manticore
  8155 | D:9      | Killed a manticore
  8156 | D:9      | Reached skill level 5 in Short Blades
  8156 | D:9      | Reached skill level 5 in Long Blades
  8156 | D:9      | Reached skill level 5 in Axes
  8156 | D:9      | Reached skill level 5 in Maces & Flails
  8156 | D:9      | Reached skill level 5 in Staves
  8156 | D:9      | Reached skill level 5 in Ranged Weapons
  8156 | D:9      | Reached skill level 5 in Throwing
  8156 | D:9      | Reached skill level 10 in Armour
  8156 | D:9      | Reached skill level 5 in Dodging
  8156 | D:9      | Reached skill level 5 in Stealth
  8156 | D:9      | Reached skill level 5 in Shields
  8156 | D:9      | Reached skill level 5 in Spellcasting
  8156 | D:9      | Reached XP level 10. HP: 19/76 MP: 17/17
  8428 | D:10     | Entered Level 10 of the Dungeon
  8646 | D:10     | Reached ***** piety under Uskayaw
  8689 | D:10     | Identified a scroll of acquirement
  8689 | D:10     | Acquired a book of Conjurations
  9002 | D:10     | Noticed Lodul
  9285 | D:9      | Found a white marble altar of Elyvilon.
  9723 | D:9      | Killed Lodul
  9804 | D:10     | Found a staircase to the Lair.
  9804 | D:10     | Noticed an oklob plant
  9816 | D:10     | Killed an oklob plant
  9817 | D:10     | Reached skill level 5 in Conjurations
  9817 | D:10     | Reached skill level 5 in Hexes
  9817 | D:10     | Reached skill level 5 in Summonings
  9817 | D:10     | Reached skill level 5 in Necromancy
  9817 | D:10     | Reached skill level 5 in Translocations
  9817 | D:10     | Reached skill level 5 in Transmutations
  9817 | D:10     | Reached skill level 5 in Fire Magic
  9817 | D:10     | Reached skill level 5 in Ice Magic
  9817 | D:10     | Reached skill level 5 in Air Magic
  9817 | D:10     | Reached skill level 5 in Earth Magic
  9817 | D:10     | Reached skill level 5 in Poison Magic
  9820 | D:10     | Noticed an oklob plant
  9846 | D:10     | HP: 3/77 [oklob plant/splash of acid (26)]
  9859 | D:10     | Killed an oklob plant
  9860 | D:10     | Reached XP level 11. HP: 42/83 MP: 20/20
  9986 | Lair:1   | Entered Level 1 of the Lair of Beasts
 10123 | Lair:1   | Slain by a cane toad

Illustrated notes

Levels and vault maps discovered:
D:1:      minmay_arrival_stair_chambers, layout_basic,
          ebering_ecumenical_altar_mist, serial_shops, shop
D:2:      layout_loops_ring, basic_altar, nrook_mini_vaults
D:3:      cheibrodos_greedy_goblins, layout_basic,
          chequers_temple_overflow_minitemple, chequers_mini_garden,
          chequers_serial_rivers_small_3, hex_large
D:4:      layout_layer_cave
D:5:      layout_basic, cheibriados_altar_1
D:6:      layout_basic, minmay_temple_entry_wispy, uniq_pikel,
          uniq_blork_the_orc
D:7:      layout_basic, palyth_stone_intersect
D:8:      layout_loops_ring, kennysheep_generic_room_2
D:9:      layout_rooms, amcnicky_altar_gilded, minmay_misc_feat_iff,
          eino_tiny_chamber
D:10:     layout_roguey, dpeg_oklobed_lair, serial_corexii_hall,
          corexii_hall_statues_s, chequers_hall_statues_corner_a, uniq_lodul
Lair:1:   layout_cave_pods, st_stairs_5, chequers_serial_rivers_marsh,
          grunt_megastairs_5, uniq_nergalle

Skill      XL: |  1  2  3  4  5  6  7  8  9 10 |
---------------+-------------------------------+-----
Invocations    | 1 2 3 4 5 6 |  6.8
Short Blades   | 1 2 3 5 6 |  6.2
Long Blades    | 1 2 3 5 6 |  6.2
Axes           | 1 2 3 5 6 |  6.2
Maces & Flails | 1 2 3 5 6 |  6.2
Staves         | 1 2 3 5 6 |  6.2
Ranged Weapons | 1 2 3 5 6 |  6.2
Throwing       | 1 2 3 5 6 |  6.2
Dodging        | 1 2 3 5 6 |  6.2
Stealth        | 1 2 3 5 6 |  6.2
Shields        | 1 2 3 5 6 |  6.2
Spellcasting   | 1 2 3 5 6 |  6.2
Conjurations   | 1 2 3 4 5 |  5.1
Hexes          | 1 2 3 4 5 |  5.1
Summonings     | 1 2 3 4 5 |  5.1
Necromancy     | 1 2 3 4 5 |  5.1
Translocations | 1 2 3 4 5 |  5.1
Transmutations | 1 2 3 4 5 |  5.1
Fire Magic     | 1 2 3 4 5 |  5.1
Ice Magic      | 1 2 3 4 5 |  5.1
Air Magic      | 1 2 3 4 5 |  5.1
Earth Magic    | 1 2 3 4 5 |  5.1
Poison Magic   | 1 2 3 4 5 |  5.1
Fighting       | 3 4 5 6 |  6.8
Polearms       | 3 4 5 6 |  6.8
Evocations     | 3 4 5 6 |  6.8
Unarmed Combat | 7 8 9 |  9.1
Armour         | 9 10 | 10.6

Action                   |  1- 3 |  4- 6 |  7- 9 | 10-12 || total
-------------------------+-------+-------+-------+-------++-------
Melee: Spear             |   124 |       |       |       ||   124
       Bite              |    12 |     5 |    16 |    25 ||    58
       Punch             |     1 |       |       |       ||     1
       Trident           |    18 |    93 |   231 |   199 ||   541
Invok: Line Pass         |       |     1 |     2 |       ||     3
       Stomp             |       |     4 |     7 |     2 ||    13
  Use: Scroll            |     6 |     3 |    11 |     1 ||    21
       Potion            |       |       |       |     3 ||     3
 Stab: Distracted        |       |     1 |       |     1 ||     2
       Paralysed         |       |     1 |     4 |     9 ||    14
       Sleeping          |       |       |     5 |     4 ||     9
       Confused          |       |       |     1 |       ||     1
Armor: Scale mail        |    61 |    18 |       |       ||    79
       Leather armour    |       |     6 |    91 |       ||    97
       Troll leather arm |       |       |    25 |    46 ||    71
Dodge: Dodged            |    56 |    38 |   143 |    96 ||   333
Block: Buckler           |    20 |    22 |    49 |    49 ||   140

Table legend: (Time is in decaauts)
 A = Elapsed time spent in this place.
 B = Non-inter-level travel time spent in this place.
 C = Inter-level travel time spent in this place.
 D = Time resting spent in this place.
 E = Time spent auto-exploring this place.
 F = Levels seen in this place.
 G = Mean time per level.
                   A        B        C        D        E       F      G
               +--------+--------+--------+--------+--------+-----+--------+
         Total |  10176 |   9924 |    252 |   1452 |   5829 |  11 |  925.1 |
       Dungeon |  10035 |   9784 |    251 |   1426 |   5779 |  10 | 1003.5 |
          Lair |    140 |    140 |      0 |     26 |     50 |   1 |  140.0 |
               +--------+--------+--------+--------+--------+-----+--------+

Top non-repeatable levels by time:
     D:6: 1276 daAuts
     D:9: 1203 daAuts
     D:1: 1122 daAuts
     D:4: 1057 daAuts
    D:10: 989 daAuts
     D:8: 960 daAuts
     D:2: 948 daAuts
     D:3: 935 daAuts
     D:7: 867 daAuts
     D:5: 673 daAuts
  Lair:1: 140 daAuts
